 Dungeon Crawl Stone Soup version 0.28.0 (webtiles) character file.

Game seed: 15910797219109624472

478 jlumianski the Firebug (level 7, -2/52 HPs)
             Began as a Hill Orc Fire Elementalist on Feb 15, 2022.
             Slain by an iguana (12 damage)
             ... on level 5 of the Dungeon.
             The game lasted 00:20:11 (5308 turns).

jlumianski the Firebug (Hill Orc Fire Elementalist) Turns: 5308, Time: 00:20:12

Health: -2/52      AC:  3    Str: 13    XL:     7   Next: 11%
Magic:  9/11       EV: 11    Int: 15    God:
Gold:   29         SH:  0    Dex: 11    Spells: 6/12 levels left

rFire   . . .      SeeInvis .   f - +0 hand axe
rCold   . . .      Faith    .   (no shield)
rNeg    . . .      Spirit   .   h - +0 leather armour
rPois   .          Reflect  .   (no helmet)
rElec   .          Harm     .   (no cloak)
rCorr   .          Rampage  .   (no gloves)
Will    .....                   (no boots)
Stlth   ++........              m - amulet of regeneration
HPRegen 0.97/turn               (no ring)
MPRegen 0.12/turn               (no ring)

@: no status effects
A: no striking features
a: no special abilities


You were on level 5 of the Dungeon.
You visited 2 branches of the dungeon, and saw 6 of its levels.

You collected 109 gold pieces.
You spent 80 gold pieces at shops.

Inventory:

Hand Weapons
 e - a +1 dagger of venom
 f - a +0 hand axe (weapon)
 n - a +2 vampiric dagger
Missiles
 c - 6 poisoned darts
 d - 122 stones
 g - 22 bolts
 p - 6 javelins
Armour
 a - a +1 robe
 h - a +0 leather armour (worn)
 o - a +0 pair of gloves
Jewellery
 m - an amulet of regeneration (around neck)
Scrolls
 i - a scroll of identify
 l - a scroll of fear
Potions
 b - a potion of brilliance
 j - 3 potions of curing
 k - a potion of resistance


   Skills:
 + Level 1.3 Fighting
 + Level 3.0 Axes
 + Level 1.7 Armour
 + Level 2.3 Dodging
 + Level 2.0 Stealth
 + Level 3.2 Spellcasting
 + Level 2.0 Conjurations
 + Level 5.3 Fire Magic


You had 6 spell levels left.
You knew the following spells:

 Your Spells              Type           Power      Damage    Failure   Level
a - Foxfire               Conj/Fire      52%        2x1d6     5%          1
b - Scorch                Fire           36%        2d6       4%          2
c - Conjure Flame         Conj/Fire      13%        6-21      16%         3

Your spell library contained the following spells:

 Spells                   Type           Power      Damage    Failure   Level
 Animate Skeleton         Necr           4%         N/A       26%         1
 Pain                     Necr           8%         1d4       26%         1
 Inner Flame              Hex/Fire       10%        N/A       26%         3
 Flame Wave               Conj/Fire      13%        2d6       47%         4
 Confusing Touch          Hex            2%         N/A       58%         3
 Vampiric Draining        Necr           2%         2d6       58%         3
 Yara's Violent Unravell  Hex/Tmut       1%         3d3       100%        5
 Enfeeble                 Hex            1%         N/A       100%        7


Dungeon Overview and Level Annotations

Branches:
Dungeon (5/15)             Temple (1/1) D:5

Altars:
Ashenzari
Cheibriados
Dithmenos
Elyvilon
Fedhas
Gozag
Hepliaklqana
Kikubaaqudgha
Makhleb
Nemelex Xobeh
Okawaru
Qazlal
Sif Muna
Trog
Uskayaw
Vehumet
Wu Jian
Xom
Yredelemnul
Zin
The Shining One

Shops:
D:1 *   D:3 *


Message History

You climb downwards.
The iguana closely misses you. The iguana bites you!
There is a stone staircase leading up, spattered with blood here.
Casting: Scorch (safe; 4% risk of failure)
Confirm with . or Enter, or press ? or * to list all spells.
Flames lash the iguana.
The iguana is heavily wounded.
The iguana's fire resistance burns away.
The iguana bites you but does no damage.
Casting: Scorch (safe; 4% risk of failure)
Confirm with . or Enter, or press ? or * to list all spells.
You conjure some foxfire!
The iguana misses you.
You hit the iguana.
The iguana is heavily wounded.
The foxfire hits the iguana but does no damage.
The iguana is heavily wounded.
The foxfire hits the iguana.
The iguana is severely wounded.
The iguana bites you!
You closely miss the iguana.
The iguana is severely wounded.
The iguana is no longer more vulnerable to fire.
The iguana bites you.
You hit the iguana but do no damage.
The iguana is severely wounded.
The iguana closely misses you.
You hit the iguana.
The iguana is severely wounded.
The iguana closely misses you.
You hit the iguana.
The iguana is severely wounded.
The iguana bites you!
You barely miss the iguana.
The iguana is severely wounded.
The iguana bites you!
* * * LOW HITPOINT WARNING * * *
The iguana barely misses you.
You hit the iguana.
The iguana is almost dead.
The iguana bites you!
You die...

### #### #.. ..## #
#.#############.#. ###.
#.#...........#.#.
.....###.................
#....@#.#########.#.##
#...)l#.#.............
#..##.#.#.#######.#.##
##. #.#.#.# #..... (
#.#.#.# ##.##. ## #)#.#.#
#.# . #. #.#...########.#
...#..#..............#
....................>#


You could see an iguana.

Vanquished Creatures
  A black bear (D:4)
  An ice beast (D:5)
  An ogre (D:3)
  A jelly (D:4)
  An orc wizard (D:3)
  4 adders
  4 gnolls (D:5)
  An adder skeleton (D:5)
  2 dart slugs
  4 orcs
  2 bats
  6 endoplasms
  3 giant cockroaches
  6 goblins
  4 hobgoblins
  5 jackals
  6 quokkas
  8 ball pythons
  4 frilled lizards
  6 kobolds
  5 rats
75 creatures vanquished.

Vanquished Creatures (others)
  100 foxfires
100 creatures vanquished.

Grand Total: 175 creatures vanquished

Notes
Turn   | Place    | Note
-------+----------+-------------------------------------------
     0 | D:1      | jlumianski the Hill Orc Fire Elementalist began the quest
                  | for the Orb.
     0 | D:1      | Reached XP level 1. HP: 14/14 MP: 3/3
   198 | D:1      | Reached XP level 2. HP: 20/20 MP: 2/4
   201 | D:1      | Learned a level 2 spell: Scorch
   377 | D:1      | Found a faded altar of an unknown god.
   904 | D:1      | Reached XP level 3. HP: 26/26 MP: 3/5
  1090 | D:1      | Found Gesu's Assorted Antiques.
  1103 | D:1      | Reached skill level 4 in Fire Magic
  2546 | D:2      | Found a burning altar of Makhleb.
  3069 | D:3      | Reached XP level 4. HP: 32/33 MP: 3/7
  3213 | D:4      | Noticed a black bear
  3307 | D:3      | Reached skill level 1 in Axes
  3515 | D:3      | Noticed an ogre
  3546 | D:3      | Killed an ogre
  3547 | D:3      | Reached XP level 5. HP: 32/39 MP: 0/8
  3655 | D:3      | Found Teal's Assorted Antiques.
  3752 | D:1      | Bought a small bronze amulet for 80 gold pieces
  4309 | D:4      | Killed a black bear
  4310 | D:4      | Reached skill level 1 in Fighting
  4310 | D:4      | Reached skill level 1 in Armour
  4310 | D:4      | Reached skill level 5 in Fire Magic
  4310 | D:4      | Reached XP level 6. HP: 47/47 MP: 1/10
  4491 | D:4      | Learned a level 3 spell: Conjure Flame
  4668 | D:5      | Entered Level 5 of the Dungeon
  4669 | D:5      | Noticed an ice beast
  4678 | D:5      | Killed an ice beast
  4680 | D:5      | Found a staircase to the Ecumenical Temple.
  4689 | Temple   | Entered the Ecumenical Temple
  5069 | D:5      | Reached XP level 7. HP: 52/52 MP: 8/11
  5308 | D:5      | Slain by an iguana

Illustrated notes

Levels and vault maps discovered:
D:1:      amcnicky_arrival_gap_in_the_tavern_cellar, layout_rooms, serial_shops,
          nicolae_shop_advertising_works [nicolae_subvault_shop_adworks],
          shapermc_ecumenical_altar_ellora
D:2:      layout_loops_corners, basic_altar
D:3:      layout_basic, serial_shops, nicolae_shop_behind_doors
D:4:      layout_layer_cave
D:5:      layout_basic, minmay_temple_entry_arrows, hangedman_minor_gate_pass
Temple:   mainiacjoe_temple_circle_huts

Skill      XL: |  1  2  3  4  5  6  7 |
---------------+----------------------+-----
Fire Magic     | 4 5 |  5.3
Spellcasting   | 2 3 |  3.2
Axes           | 1 2 3 |  3.0
Dodging        | 2 |  2.3
Fighting       | 1 |  1.3
Armour         | 1 |  1.7
Stealth        | 2 |  2.0
Conjurations   | 2 |  2.0

Action                   |  1- 3 |  4- 6 |  7- 9 || total
-------------------------+-------+-------+-------++-------
Melee: Unarmed           |    10 |       |       ||    10
       Hand axe          |    66 |    67 |    25 ||   158
 Cast: Foxfire           |    29 |    24 |     4 ||    57
       Scorch            |     9 |    15 |     5 ||    29
  Use: Scroll            |     4 |     3 |       ||     7
       Potion            |     1 |       |       ||     1
 Stab: Sleeping          |     1 |       |     1 ||     2
Armor: Robe              |    23 |     9 |       ||    32
       Leather armour    |       |    14 |     5 ||    19
Dodge: Dodged            |    92 |    55 |    21 ||   168
